 Dungeon Crawl Stone Soup version 0.29.1-15-g9cfb28693d (webtiles) character file.

Game seed: 13150972714200441263

8135 tizbic2 the Shield-Bearer (level 10, -7/79 HPs)
             Began as a Demonspawn Gladiator on Apr 22, 2023.
             Was an Elder of Ru.
             Mangled by a sixfirhy (11 damage)
             ... on level 1 of the Abyss.
             The game lasted 00:44:16 (9884 turns).

tizbic2 the Shield-Bearer (Demonspawn Gladiator)    Turns: 9884, Time: 00:44:17

Health: -7/79      AC: 17    Str: 18    XL:     10   Next: 5%
Magic:  0/10       EV:  2    Int:  9    God:    Ru [****..]
Gold:   134        SH: 21    Dex: 22    Spells: 9/9 levels left

rFire   + + .      SeeInvis .   a - +6 falchion (vamp)
rCold   + + .      Faith    .   N - +4 tower shield {rC+ rF+}
rNeg    . . .      Spirit   +   D - -1 gold dragon scales
rPois   +          Reflect  .   (helmet restricted)
rElec   .          Harm     .   Z - +2 cloak
rCorr   .          Rampage  .   t - +0 pair of gloves
Will    .....                   r - +0 pair of boots
Stlth   ..........              R - amulet of guardian spirit
HPRegen 0.23/turn               l - +6 ring of dexterity
MPRegen 0.24/turn               G - +4 ring of evasion

@: no status effects
A: antennae 2, ignite blood 1, magic regeneration, no hexes magic, no ice magic,
no summoning magic, unskilled 1, inexperienced 1, sharp scales 1
a: Renounce Religion, Draw Out Power, Power Leap


You were on level 1 of the Abyss.
You worshipped Ru.
Ru was greatly pleased with you.
You visited 1 branch of the dungeon, and saw 10 of its levels.
You visited the Abyss 1 time.
You also visited: Sewer.

You collected 1260 gold pieces.
You spent 1126 gold pieces at shops.

Inventory:

Hand Weapons
 a - a +6 vampiric falchion (weapon)
 g - a +0 dagger
 j - a +0 short sword
 w - the +9 sling "Utufire" {vorpal, Str+7 Int-3}
   (You found it on level 6 of the Dungeon)

   Any ammunition fired from it inflicts extra damage upon your enemies.
   Str:       It affects your strength (+7).
   Int:       It affects your intelligence (-3).
 A - a +2 whip of flaming
 V - a +4 rapier
Missiles
 c - 3 throwing nets
 d - 6 javelins
 k - 57 stones (quivered)
 y - 43 poisoned darts
 Q - a curare-tipped dart
 Y - 2 boomerangs of dispersal
Armour
 r - a +0 pair of boots (worn)
 t - a +0 pair of gloves (worn)
 v - a +0 plate armour
 D - -1 gold dragon scales (worn)
 N - a +4 tower shield of resistance (worn)
 Z - a +2 cloak (worn)
Jewellery
 h - an amulet of reflection
 l - a +6 ring of dexterity (left hand)
 z - an amulet of magic regeneration
 E - a ring of ice
 G - a +4 ring of evasion (right hand)
 R - an amulet of guardian spirit (around neck)
 W - a +4 ring of slaying
Wands
 o - a wand of flame (28)
 L - a wand of roots (4)
 M - a wand of light (11)
 P - a wand of polymorph (5)
 S - a wand of paralysis (7)
Scrolls
 u - 2 scrolls of magic mapping
 C - a scroll of teleportation
 F - 2 scrolls of torment
 H - a scroll of fear
 K - 2 scrolls of fog
 U - a scroll of identify
Potions
 b - 3 potions of mutation
 e - 3 potions of attraction {unknown}
 f - 5 potions of magic {unknown}
 i - 3 potions of heal wounds
 m - a potion of haste {unknown}
 n - 2 potions of brilliance {unknown}
 p - a potion of experience {unknown}
 q - 4 potions of degeneration {unknown}
 s - 2 potions of flight
 x - 2 potions of lignification {unknown}
 B - a potion of resistance {unknown}
 I - 3 potions of curing
 J - a potion of might
 T - a potion of berserk rage {unknown}


   Skills:
 + Level 7.4 Fighting
 * Level 7.0 Long Blades
 - Level 1.5 Ranged Weapons
 - Level 5.0 Throwing
 - Level 2.4 Dodging
 * Level 7.5 Shields
 - Level 6.0 Unarmed Combat


You had 9 spell levels left.
You didn't know any spells.
Your spell library contained the following spells:

 Spells                   Type           Power      Damage    Failure   Level
 Blink                    Tloc           0%         N/A       100%        2
 Gell's Gravitas          Tloc           0%         N/A       100%        3
 Lesser Beckoning         Tloc           0%         N/A       100%        3
 Teleport Other           Tloc           0%         N/A       100%        3
 Fireball                 Conj/Fire      0%         3d3       100%        5
 Manifold Assault         Tloc           0%         N/A       100%        5
 Starburst                Conj/Fire      0%         6d3       100%        6
 Ignition                 Fire           0%         3d3       100%        8
 Freeze                   Ice            Unusable   1d3       N/A         1
 Confusing Touch          Hex            Unusable   N/A       N/A         3
 Frozen Ramparts          Ice            Unusable   1d1       N/A         3
 Hailstorm                Conj/Ice       Unusable   3d3       N/A         4
 Yara's Violent Unravell  Hex/Tmut       Unusable   3d3       N/A         5
 Enfeeble                 Hex            Unusable   N/A       N/A         7

Dungeon Overview and Level Annotations

Branches:
Dungeon (10/15)            Temple (0/1) D:7            Lair (0/5) D:9
    Orc (0/2) D:9           Sewer (visited)

Altars:
Ashenzari
Gozag
Hepliaklqana
Ru

Shops:
D:5 *   D:7 *

Annotations:
D:7 2 transporters
D:10 Sonja


Innate Abilities, Weirdness & Mutations

You have a pair of antennae on your head.
Your demonic aura sometimes causes spilled blood to erupt in flames.
You regenerate magic rapidly.
You cannot study or cast Hexes magic.
You cannot study or cast Ice magic.
You cannot study or cast Summoning magic.
You are somewhat unskilled. (-1 Apt)
You are somewhat inexperienced. (-1 XL)
You are partially covered in razor-sharp scales. (AC +1, Slay +1)


Message History

You redirect the killer bee's attack!
The killer bee stings itself.
You hit the killer bee.
You kill the killer bee!
You block the killer bee's attack. x2; You block the wraith's attack.
Sonja begins to cast a spell, but is stunned by your conviction!
The killer bee stings you but does no damage.
The wraith hits you. The wraith drains your vigour!
You feel as though you will be slow longer.
The killer bee stings you!
Your Long Blades skill increases to level 7!
You completely miss Sonja.
Sonja is almost dead.
The killer bee is stunned by your conviction and fails to attack.
You block the killer bee's attack. Sonja barely misses you.
You block Sonja's attack. x2; The wraith hits you but does no damage.
The killer bee stings you.
Sonja hits you with a +2 short sword of distortion!
You are cast into the Abyss!
This branch contains the abyssal rune of Zot.
You feel yourself speed up.
You feel less exhausted.
A sixfirhy comes into view.
You slash the sixfirhy!
The sixfirhy is moderately wounded.
You slash the sixfirhy!
The sixfirhy is severely wounded.
You redirect the sixfirhy's attack!
The sixfirhy misses itself.
The sixfirhy hits you. The sixfirhy shocks you!
* * * LOW HITPOINT WARNING * * *
You slash the sixfirhy!
The sixfirhy is almost dead.
The sixfirhy hits you.
* * * LOW HITPOINT WARNING * * *
The sixfirhy shocks you!
* * * LOW HITPOINT WARNING * * *
The sixfirhy hits you!
* * * LOW HITPOINT WARNING * * *
The sixfirhy shocks you!
You die...

#.. #.. .. ##
..#.... .. .#
...#...## #... #.
##.##.# .#
.....#.##..#..#.....
......3@............
.............~.....
.#...........~....
........##......##
#.#.#.###...#....#
....#.#........#..
... #.##. # ...# .#
## #. ##.#..# ##
#..####


You could see a sixfirhy.

Vanquished Creatures
  2 two-headed ogres (D:9)
  Pikel (D:4)
  Grinder (D:3)
  Prince Ribbit (D:6)
  A shadow (D:9)
  4 wyverns (D:9)
  A wraith (D:9)
  4 yaks (D:9)
  A steam dragon (D:6)
  Menkaure (D:7)
  4 water moccasins
  5 orc warriors (D:9)
  2 ice beasts (D:7)
  A black bear (D:6)
  A sky beast (D:5)
  3 ogres
  3 centaurs
  A phantom (D:6)
  4 kobold brigands
  A bullfrog (D:8)
  A necrophage (D:8)
  5 scorpions
  8 killer bees
  5 howler monkeys
  3 jellies
  6 hounds
  3 gnoll boudas
  6 orc priests
  Jessica (D:2)
  7 iguanas
  Natasha (thrice) (D:3)
  Terence (D:3)
  3 orc wizards (D:9)
  12 gnolls
  17 adders
  2 river rats (Sewer)
  A shadow imp (D:7)
  2 ufetubi
  3 worms
  A dart slug (D:3)
  24 orcs
  5 endoplasms
  6 giant cockroaches
  4 goblins
  9 hobgoblins
  9 jackals
  4 quokkas
  14 ball pythons
  7 bats
  2 frilled lizards
  17 kobolds
  15 rats
248 creatures vanquished.

Vanquished Creatures (others)
  A yak (D:9)
  A kobold brigand (D:7)
  A killer bee (D:10)
  A kobold (D:9)
  2 bushes (D:9)
  31 fungi
  28 plants
65 creatures vanquished.

Grand Total: 313 creatures vanquished

Notes
Turn   | Place    | Note
-------+----------+-------------------------------------------
     0 | D:1      | tizbic2 the Demonspawn Gladiator began the quest for the
                  | Orb.
     0 | D:1      | Reached XP level 1. HP: 16/16 MP: 1/1
   304 | D:1      | Noticed a floating eye
   306 | D:1      | Noticed a floating eye
   308 | D:1      | Found a faded altar of an unknown god.
   309 | D:1      | Noticed a floating eye
   309 | D:1      | Noticed a golden eye
   311 | D:1      | Gained mutation: You have a pair of small antennae on your
                  | head. [demonic ancestry]
   311 | D:1      | Reached XP level 2. HP: 22/22 MP: 2/2
  1055 | D:2      | Noticed Jessica
  1062 | D:2      | Killed Jessica
  1063 | D:2      | Reached XP level 3. HP: 28/28 MP: 3/3
  1269 | D:2      | Gained mutation: You have a pair of antennae on your head.
                  | [demonic ancestry]
  1269 | D:2      | Reached XP level 4. HP: 34/34 MP: 4/4
  1535 | D:2      | Found a sacrificial altar of Ru.
  1544 | D:2      | Became a worshipper of Ru the Awakened
  1763 | D:3      | Found a hazy altar of Hepliaklqana.
  1778 | D:3      | Noticed Grinder
  1788 | D:3      | Paralysed by Grinder for 3 turns
  1797 | D:3      | Paralysed by Grinder for 2 turns
  1810 | D:3      | Paralysed by Grinder for 5 turns
  1825 | D:3      | Killed Grinder
  1826 | D:3      | Gained mutation: Your demonic aura sometimes causes spilled
                  | blood to erupt in flames. [demonic ancestry]
  1826 | D:3      | Reached XP level 5. HP: 25/41 MP: 5/5
  1826 | D:3      | Reached XP level 6. HP: 29/47 MP: 6/6
  1991 | D:3      | Noticed Terence
  2003 | D:3      | Killed Terence
  2004 | D:3      | Reached skill level 5 in Unarmed Combat
  2101 | D:3      | Found a sacrificial altar of Ru.
  2107 | D:3      | Noticed Natasha
  2113 | D:3      | Killed Natasha
  2298 | D:3      | Noticed Natasha
  2306 | D:3      | Killed Natasha
  2349 | D:3      | Noticed Natasha
  2356 | D:3      | Killed Natasha
  2704 | D:4      | Noticed Pikel
  2718 | D:4      | Killed Pikel
  2719 | D:4      | Gained mutation: You are partially covered in razor-sharp
                  | scales. (AC +1, Slay +1) [demonic ancestry]
  2719 | D:4      | Reached XP level 7. HP: 29/55 MP: 7/7
  3206 | D:4      | Reached XP level 8. HP: 36/61 MP: 8/8
  3400 | D:4      | Gained mutation: You are somewhat unskilled. (-1 Apt) [Ru
                  | sacrifice]
  3400 | D:4      | Reached * piety under Ru
  3457 | D:4      | Found a broken altar of Ashenzari.
  3488 | D:4      | Reached skill level 1 in Shields
  3652 | D:4      | Reached skill level 1 in Long Blades
  3905 | D:5      | Entered Level 5 of the Dungeon
  3975 | D:5      | Found Qetudiwn's Lightly-Used Armoury.
  4184 | D:5      | Bought a -2 triple sword for 1 gold piece
  4343 | D:5      | Reached skill level 5 in Fighting
  4543 | D:5      | Found a glowing drain.
  4559 | Sewer    | Entered a sewer
  5462 | D:6      | Found an opulent altar of Gozag.
  5494 | D:6      | Gained mutation: You regenerate magic rapidly. [demonic
                  | ancestry]
  5494 | D:6      | Reached XP level 9. HP: 68/68 MP: 9/9
  5644 | D:6      | Reached skill level 5 in Throwing
  5748 | D:6      | Noticed Prince Ribbit
  5754 | D:6      | Killed Prince Ribbit
  5965 | D:6      | Gained mutation: You are somewhat inexperienced. (-1 XL)
                  | [Ru sacrifice]
  5965 | D:6      | Reached XP level 8. HP: 64/64 MP: 8/8
  5965 | D:6      | Reached ** piety under Ru
  5965 | D:6      | Reached *** piety under Ru
  6618 | D:6      | Identified the +9 sling "Utufire" {vorpal, Str+7 Int-3}
  6847 | D:7      | Found Volous Faucw's Overcharged Wands.
  6958 | D:7      | Found a staircase to the Ecumenical Temple.
  6996 | D:7      | Noticed Menkaure
  7004 | D:7      | Killed Menkaure
  7005 | D:7      | Reached skill level 5 in Shields
  7092 | D:7      | Found a transporter.
  7106 | D:7      | Found a transporter.
  7233 | D:7      | Reached skill level 1 in Ranged Weapons
  8012 | D:8      | Reached XP level 9. HP: 69/69 MP: 9/9
  8047 | D:8      | Gained mutation: You cannot study or cast Ice magic. [Ru
                  | sacrifice]
  8047 | D:8      | Gained mutation: You cannot study or cast Hexes magic. [Ru
                  | sacrifice]
  8047 | D:8      | Gained mutation: You cannot study or cast Summoning magic.
                  | [Ru sacrifice]
  8047 | D:8      | Reached **** piety under Ru
  8177 | D:8      | Reached skill level 5 in Long Blades
  8635 | D:9      | Found a staircase to the Orcish Mines.
  8708 | D:9      | Noticed a two-headed ogre
  8914 | D:9      | Found a staircase to the Lair.
  9122 | D:9      | Noticed a two-headed ogre
  9131 | D:9      | Killed a two-headed ogre
  9370 | D:9      | Killed a two-headed ogre
  9392 | D:9      | Reached XP level 10. HP: 42/79 MP: 5/10
  9434 | D:9      | Identified a scroll of acquirement
  9434 | D:9      | Acquired 685 gold pieces
  9545 | D:5      | Bought -1 gold dragon scales for 1125 gold pieces
  9833 | D:10     | Entered Level 10 of the Dungeon
  9835 | D:10     | Noticed Sonja
  9869 | Abyss:1  | Cast into level 1 of the Abyss (Sonja)
  9881 | Abyss:1  | Noticed a sixfirhy
  9884 | Abyss:1  | Mangled by a sixfirhy

Illustrated notes

Levels and vault maps discovered:
D:1:      amcnicky_arrival_underground_garden, layout_basic,
          hellmonk_ecumenical_altar_watching_god, minmay_cut_off
D:2:      layout_loops_ring, basic_altar, uniq_jessica
D:3:      layout_basic, overflow_temple_1_default,
          mainiacjoe_overflow_small_starburst, uniq_terence, uniq_grinder,
          uniq_natasha
D:4:      layout_basic, mainiacjoe_overflow_cross_hatched, uniq_pikel
D:5:      minmay_general_purpose_star, layout_gridville, gup_sewer_entry_glass,
          kennysheep_decorative_pillar, amcnicky_mini_pool_small,
          minmay_shop_damaged
D:6:      layout_basic, mainiacjoe_overflow_six_doors_small,
          minmay_misc_feat_rugged, uniq_prince_ribbit1
D:7:      gammafunk_steamed_eel, layout_basic, minmay_temple_entry_ruins,
          corner_web_ring, nicolae_shop_overcharged_wands, uniq_menkaure
D:8:      layout_layer_cave, grunt_decor_arrowhead, roderic_nine_men_s_morris
D:9:      layout_roguey, minmay_lair_entry_grove, david_orc_4,
          kennysheep_cross_room
D:10:     gammafunk_corrupted_shrine, layout_rooms, uniq_sonja, uniq_josephine
Abyss:1:  base:
D:3

Skill      XL: |  1  2  3  4  5  6  7  8  9 10 |
---------------+-------------------------------+-----
Unarmed Combat | 3 4 6 |  6.0
Throwing       | 2 3 4 5 |  5.0
Fighting       | 3 4 6 7 |  7.4
Shields        | 5 7 |  7.5
Long Blades    | 4 6 7 |  7.0
Ranged Weapons | 1 |  1.5
Dodging        | |  2.4

Action                   |  1- 3 |  4- 6 |  7- 9 | 10-12 || total
-------------------------+-------+-------+-------+-------++-------
Melee: Dagger            |    42 |       |       |       ||    42
       Unarmed           |     6 |       |       |       ||     6
       Falchion          |    41 |   122 |   594 |    32 ||   789
       Short sword       |     6 |       |       |       ||     6
       Punch             |     3 |     6 |     1 |       ||    10
       Triple sword      |       |       |    11 |       ||    11
 Fire: Sling             |       |       |    52 |     1 ||    53
Throw: Stone             |     1 |     3 |     4 |       ||     8
       Javelin           |       |     7 |     3 |       ||    10
       Dart              |       |    12 |     4 |       ||    16
       Throwing net      |       |     3 |       |       ||     3
Invok: Sacrifice Experie |       |       |     1 |       ||     1
       Sacrifice Skill   |       |       |     1 |       ||     1
       Power Leap        |       |       |     1 |     1 ||     2
       Draw Out Power    |       |       |     1 |       ||     1
       Sacrifice Arcana  |       |       |     1 |       ||     1
  Use: Scroll            |     1 |     3 |    14 |     2 ||    20
       Potion            |       |     2 |       |       ||     2
 Stab: Sleeping          |     2 |     2 |       |       ||     4
       Distracted        |     1 |       |       |       ||     1
       Invisible         |       |       |     5 |       ||     5
Armor: Leather armour    |    26 |       |       |       ||    26
       Ring mail         |     9 |    23 |    54 |       ||    86
       Scale mail        |       |    31 |    53 |     3 ||    87
       Gold dragon scale |       |       |       |    22 ||    22
Dodge: Dodged            |    65 |    50 |   199 |     4 ||   318
Block: Other             |    18 |    27 |    21 |       ||    66
       Tower shield      |       |       |   666 |    63 ||   729
       Reflection        |       |       |     7 |       ||     7
